 Dungeon Crawl Stone Soup version 0.30.1-9-gdf580d7c3d (webtiles) character file.

Game seed: 16074948988209751330

12126 lonewolfV2 the Nimble (level 11, -9/84 HPs)
             Began as a Demonspawn Berserker on Oct 25, 2023.
             Was a High Priest of Trog.
             Mangled by a juggernaut simulacrum (10 damage)
             ... on level 2 of the Abyss.
             The game lasted 00:17:27 (10472 turns).

lonewolfV2 the Nimble (Demonspawn Berserker)       Turns: 10472, Time: 00:17:28

Health: -9/84      AC: 23    Str: 21    XL:     11   Next: 58%
Magic:  0/20       EV: 11    Int:  9    God:    Trog [*****.]
Gold:   541        SH: 12    Dex: 22    Spells: 10/10 levels left

rFire   . . .        A - +4 broad axe of Inference {flame, Fragile Dex+3}
rCold   . . .        C - +0 kite shield
rNeg    . . .        h - +1 plate armour
rPois   .            (no helmet)
rElec   .            v - +0 cloak
rCorr   .            (no gloves)
SInv    .            (no boots)
Will    .....        d - amulet of guardian spirit Stlth
                     o - +4 ring of protection
HPRegen 0.34/turn    r - ring "Reluap" {MP+9 Dex+6}
MPRegen 0.17/turn

%: guardian spirit
@: no status effects
A: slimy green scales 2, ignite blood 1, spiny 1, demonic touch 2
a: Renounce Religion, Berserk, Trog's Hand, Brothers in Arms


You were on level 2 of the Abyss.
You worshipped Trog.
Trog was extremely pleased with you.
You visited 2 branches of the dungeon, and saw 13 of its levels.
You visited the Abyss 1 time.

You collected 661 gold pieces.
You spent 120 gold pieces at shops.

Inventory:

Hand Weapons
 a - a +1 hand axe
 A - the +4 broad axe of Inference (weapon) {flame, Fragile Dex+3}
   (You acquired it on level 7 of the Dungeon)

   Dex:       It affects your dexterity (+3).
   Fragile:   It will be destroyed if unequipped.
Missiles
 g - 3 boomerangs of dispersal (quivered)
 y - a throwing net
Armour
 h - a +1 plate armour (worn)
 v - a +0 cloak (worn)
 C - a +0 kite shield (worn)
Jewellery
 d - an amulet of guardian spirit (around neck)
 k - an amulet of magic regeneration
 o - a +4 ring of protection (left hand)
 r - the ring "Reluap" (right hand) {MP+9 Dex+6}
   (You found it on level 3 of the Dungeon)

   [ring of dexterity]

   Dex:       It affects your dexterity (+6).
   MP:        It affects your magic capacity (+9).
 t - an amulet of reflection
Wands
 x - a wand of flame (32)
Scrolls
 i - a scroll of fear
 j - a scroll of identify
 l - 3 scrolls of magic mapping
 q - a scroll of vulnerability {unknown}
 w - 3 scrolls of enchant weapon
 B - a scroll of teleportation
 D - a scroll of blinking
Potions
 c - 2 potions of invisibility
 e - 7 potions of curing
 f - 4 potions of lignification
 m - a potion of cancellation
 n - 3 potions of degeneration
 p - 2 potions of brilliance
 s - 4 potions of might
 u - 3 potions of mutation
 z - 4 potions of heal wounds
Miscellaneous
 b - a lightning rod (4/4)


   Skills:
 - Level 7.0 Fighting
 * Level 7.7 Axes
 - Level 8.4 Armour
 + Level 10.0 Dodging
 * Level 6.7 Shields


You had 10 spell levels left.
You didn't know any spells.
Your spell library was empty.

Dungeon Overview and Level Annotations

Branches:
Dungeon (14/15)            Temple (0/1) D:6            Lair (1/5) D:9
    Orc (0/2) D:9
 Vaults: D:13-14

Altars:
Hepliaklqana
Kikubaaqudgha
Makhleb
Nemelex Xobeh
Qazlal
Trog
Xom

Shops:
D:2 *   D:3 (=(*   D:4 **


Innate Abilities, Weirdness & Mutations

You are mostly covered in slimy green scales. (AC +3)
Your demonic aura sometimes causes spilled blood to erupt in flames.
You are partially covered in sharp spines.
Your touch may inflict irresistible damage on your foes.


Message History

The wizard barely misses you. The wizard hits you but does no damage.
You slash the wizard! You burn the wizard.
The wizard is severely wounded.
You block the wizard's attack. The wizard is struck by your spines.
The wizard barely misses you.
You slash the wizard! You burn the wizard.
You kill the wizard!
Trog accepts your kill.
Trog appreciates your killing of a magic user.
Your lightning rod (4/4) has regained one charge.
Your Dodging skill increases to level 10!
Items here: )) [ †.
You feel yourself speed up.
A wizard comes into view. It is wielding a +0 club.
The wizard shouts!
The wizard shouts, "You are history!"
You block the wizard's attack.
You closely miss the wizard. The wizard hits you but does no damage.
You closely miss the wizard. The wizard is struck by your spines.
The wizard barely misses you. The wizard casts a spell at you.
You are cast into the Abyss!
This branch contains the abyssal rune of Zot.
You recover from your berserk rage.
A juggernaut simulacrum comes into view.
The juggernaut simulacrum moves out of view.
The juggernaut simulacrum hits you. The juggernaut simulacrum freezes you!!
The juggernaut simulacrum barely misses you.
You slice the juggernaut simulacrum!!
You melt the juggernaut simulacrum!
The juggernaut simulacrum is heavily damaged.
You slash the juggernaut simulacrum!
You melt the juggernaut simulacrum!
The juggernaut simulacrum is severely damaged.
You hit the juggernaut simulacrum.
You melt the juggernaut simulacrum.
The juggernaut simulacrum is almost destroyed.
The juggernaut simulacrum hits you!!!
* * * LOW HITPOINT WARNING * * *
The juggernaut simulacrum freezes you!!
* * * LOW HITPOINT WARNING * * *
The juggernaut simulacrum hits you!
You die...

.##.#. #...#.
#.....#######
#..#..#....
##.#.....# .
#.....#..# ..
#.#.....# .
.#.#...#.#
#....#.@# # #
###..##Z#.. ..
#.#.##...#####.#.##
........... ..... .
#.. ....... . #...
.#. .#.............
#..##....#....... .
## #....##.........
..#.... #... ...


You could see a juggernaut simulacrum.

Vanquished Creatures
  A fire dragon (D:14)
  A centaur warrior (D:14)
  2 two-headed ogres
  2 wizards (D:14)
  2 cyclopes (D:14)
  The ghost of KittyFluff the Covered, a novice GrBe of Trog (D:6)
  A troll (D:10)
  Prince Ribbit (D:5)
  A vampire (D:13)
  5 wyverns (D:9)
  A water elemental (D:14)
  9 yaks
  3 steam dragons
  Menkaure (D:5)
  3 water moccasins
  4 ice beasts
  2 sky beasts (D:8)
  4 black bears
  3 ogres
  3 centaurs
  2 phantoms
  A bullfrog (D:6)
  2 gnoll sergeants
  7 wights
  20 killer bees
  6 howler monkeys
  A vampire bat (D:9)
  A crimson imp (D:4)
  3 hounds
  2 jellies
  3 orc priests
  A sleepcap (D:6)
  3 iguanas
  8 orc wizards
  Robin (D:2)
  20 gnolls
  8 adders
  2 shadow imps
  4 worms
  7 dart slugs
  20 orcs
  2 bat skeletons (D:9)
  2 bat zombies (D:9)
  3 endoplasms
  7 giant cockroaches
  19 goblins
  7 hobgoblins
  8 jackals
  5 kobolds
  2 quokkas
  10 ball pythons
  6 bats
  5 frilled lizards
  6 rats
254 creatures vanquished.

Notes
Turn   | Place    | Note
-------+----------+-------------------------------------------
     0 | D:1      | lonewolfV2 the Demonspawn Berserker began the quest for the
                  | Orb.
     0 | D:1      | Reached XP level 1. HP: 18/18 MP: 1/1
    95 | D:1      | Reached skill level 2 in Dodging
   185 | D:1      | Gained mutation: Your touch may inflict minor irresistible
                  | damage on your foes. [demonic ancestry]
   185 | D:1      | Reached XP level 2. HP: 15/24 MP: 2/2
   493 | D:1      | Gained mutation: You are partially covered in sharp spines.
                  | [demonic ancestry]
   493 | D:1      | Reached XP level 3. HP: 28/29 MP: 3/3
   640 | D:1      | Reached ** piety under Trog
   816 | D:2      | Found a faded altar of an unknown god.
  1327 | D:2      | Noticed Robin
  1339 | D:2      | Gained mutation: Your demonic aura sometimes causes spilled
                  | blood to erupt in flames. [demonic ancestry]
  1339 | D:2      | Reached XP level 4. HP: 17/35 MP: 2/4
  1340 | D:2      | Killed Robin
  1694 | D:2      | Found Fiypriph's Assorted Antiques.
  1699 | D:2      | Bought a twisted diamond amulet for 120 gold pieces
  1726 | D:2      | Reached skill level 3 in Dodging
  2271 | D:3      | Found Vioxotet's Jewellery Shoppe.
  2341 | D:3      | Reached XP level 5. HP: 42/42 MP: 5/5
  2347 | D:3      | Found Wetuvaf's Assorted Antiques.
  2383 | D:3      | Found Zida's Weapon Boutique.
  2383 | D:3      | Reached *** piety under Trog
  2608 | D:3      | Found Dant's Weapon Emporium.
  2718 | D:3      | Identified the ring "Reluap" {MP+9 Dex+6}
  2964 | D:4      | Found Homorac's Specific Store.
  2970 | D:4      | Found Xyrehuimo's General Store.
  3419 | D:4      | Reached XP level 6. HP: 14/48 MP: 1/6
  3706 | D:4      | Reached skill level 4 in Dodging
  4054 | D:4      | Found a shimmering altar of Xom.
  4054 | D:4      | Found a burning altar of Makhleb.
  4156 | D:5      | Entered Level 5 of the Dungeon
  4156 | D:5      | Noticed Menkaure
  4161 | D:5      | Killed Menkaure
  4162 | D:5      | Reached XP level 7. HP: 55/55 MP: 7/7
  4177 | D:5      | Noticed Prince Ribbit
  4189 | D:4      | Reached skill level 5 in Armour
  4189 | D:4      | Reached skill level 5 in Dodging
  4222 | D:5      | Killed Prince Ribbit
  4223 | D:5      | Reached skill level 5 in Fighting
  4223 | D:5      | Gained mutation: Your touch may inflict irresistible damage
                  | on your foes. [demonic ancestry]
  4223 | D:5      | Reached XP level 8. HP: 62/62 MP: 8/8
  4241 | D:5      | Reached skill level 6 in Dodging
  4311 | D:5      | Found a large runed translucent door.
  4312 | D:5      | Found a large runed translucent door.
  4730 | D:5      | Found a sparkling altar of Nemelex Xobeh.
  4740 | D:5      | Found a bloodstained altar of Trog.
  4770 | D:6      | Reached **** piety under Trog
  4885 | D:6      | Identified the +3 leather armour of Impermeability {MP+9
                  | Dex+3}
  4917 | D:6      | Found a staircase to the Ecumenical Temple.
  4926 | D:6      | Reached skill level 7 in Dodging
  5001 | D:6      | Gained mutation: You are partially covered in slimy green
                  | scales. (AC +2) [demonic ancestry]
  5001 | D:6      | Reached XP level 9. HP: 69/69 MP: 9/9
  5163 | D:6      | Found a runed translucent door.
  5166 | D:6      | Noticed KittyFluff's ghost (novice GrBe)
  5204 | D:6      | Found a runed translucent door.
  5711 | D:6      | Killed KittyFluff's ghost
  6260 | D:7      | Reached skill level 8 in Dodging
  7111 | D:7      | Identified a scroll of acquirement
  7111 | D:7      | Acquired the +4 broad axe of Inference {flame, Fragile
                  | Dex+3}
  7278 | D:8      | Reached XP level 10. HP: 71/79 MP: 10/10
  7773 | D:8      | Identified the staff of conjuration "Ycwa" {rC++ Str-2
                  | Dex+4}
  8060 | D:9      | Reached skill level 1 in Shields
  8066 | D:9      | Found a staircase to the Lair.
  8073 | D:9      | Noticed a two-headed ogre
  8077 | D:9      | Reached ***** piety under Trog
  8085 | D:9      | Killed a two-headed ogre
  8086 | D:9      | Reached skill level 9 in Dodging
  8176 | D:9      | Reached skill level 5 in Axes
  8363 | D:9      | Found a staircase to the Orcish Mines.
  8873 | D:9      | Found a stormy altar of Qazlal.
  8965 | D:9      | Found an ancient bone altar of Kikubaaqudgha.
  9050 | Lair:1   | Entered Level 1 of the Lair of Beasts
  9070 | D:10     | Entered Level 10 of the Dungeon
  9197 | D:10     | Gained mutation: You are mostly covered in slimy green
                  | scales. (AC +3) [demonic ancestry]
  9197 | D:10     | Reached XP level 11. HP: 72/84 MP: 11/11
  9261 | D:10     | Found a hazy altar of Hepliaklqana.
  9267 | D:10     | Reached skill level 5 in Shields
  9533 | D:10     | Noticed a two-headed ogre
  9546 | D:10     | Killed a two-headed ogre
  9609 | D:10     | You fall into a shaft and drop 3 floors!
  9662 | D:13     | Noticed a centaur warrior
 10093 | D:14     | Noticed a fire dragon
 10106 | D:14     | Killed a fire dragon
 10409 | D:14     | Noticed a wizard
 10409 | D:14     | Noticed a centaur warrior
 10413 | D:14     | Noticed a wizard
 10416 | D:14     | Killed a wizard
 10421 | D:14     | Killed a centaur warrior
 10437 | D:14     | Killed a wizard
 10438 | D:14     | Reached skill level 10 in Dodging
 10446 | D:14     | Noticed a wizard
 10454 | Abyss:2  | Cast into level 2 of the Abyss (a wizard)
 10472 | Abyss:2  | HP: 1/84 [juggernaut simulacrum (19)]
 10472 | Abyss:2  | Mangled by a juggernaut simulacrum

Illustrated notes

Levels and vault maps discovered:
D:1:      dpeg_arrival_orchard, layout_loops_cross
D:2:      layout_basic, shapermc_ecumenical_altar_venn, serial_shops,
          nicolae_shop_hallway_plus, basic_altar, uniq_robin
D:3:      layout_loops_corners, serial_shops, shop,
          nicolae_shop_tiny_real_fake_doors, nicolae_shop_tiny_glass, shop
D:4:      layout_basic, grunt_temple_overflow_champion_of_chaos,
          nicolae_specific_store, dk_noncrumbling_3
D:5:      layout_rooms, jmf_multi_god_temple2, uniq_prince_ribbit1,
          uniq_menkaure
D:6:      layout_basic, minmay_temple_entry_arrows, ebering_ghost_sewer_f,
          kennysheep_minor_cross, hangedman_decor_lopped
D:7:      layout_loops_ring, palyth_stone_intersect, grunt_decor_one_mirror,
          nrook_pool_corridor
D:8:      layout_cave_pools, minmay_misc_feat_chi, minmay_splitting_lines,
          minmay_puff
D:9:      layout_roguey, kennysheep_vampire_church,
          nicolae_qazlal_eye_of_the_storm, david_lair_generic
D:10:     layout_rooms, nicolae_hepliaklqana_hazy_memory, minivault_25_ag
D:13:     layout_cross
D:14:     minmay_smoke_and_mirrors, layout_basic, david_vaults_1
Lair:1:   hellmonk_ruined_rings, layout_gridlike, minivault_27, uniq_urug
Abyss:2:  base: D:13, evilmike_abyss_exit_mutagenic

Skill      XL: |  1  2  3  4  5  6  7  8  9 10 11 |
---------------+----------------------------------+-----
Armour         | 2 3 4 5 7 8 |  8.4
Dodging        | 2 3 4 5 7 8 9 10 | 10.0
Fighting       | 4 5 6 7 |  7.0
Axes           | 3 6 7 |  7.7
Shields        | 4 6 |  6.7

Action                     |  1- 3 |  4- 6 |  7- 9 | 10-12 || total
---------------------------+-------+-------+-------+-------++-------
  Melee: Hand axe          |    67 |   103 |   127 |       ||   297
         Touch             |    12 |    24 |    34 |     1 ||    71
         Punch             |       |     3 |     4 |       ||     7
         Broad axe         |       |       |    12 |   152 ||   164
 Invoke: Berserk           |       |     1 |     2 |     2 ||     5
         Trog's Hand       |       |     1 |     3 |     1 ||     5
  Evoke: Lightning rod     |       |       |       |     2 ||     2
    Use: Scroll            |     7 |     8 |     5 |     3 ||    23
         Potion            |       |       |     2 |       ||     2
 Armour: Animal skin       |    10 |       |       |       ||    10
         Plate armour      |    16 |    67 |   166 |   114 ||   363
  Dodge: Dodged            |    39 |    43 |    97 |    84 ||   263
  Block: Kite shield       |       |       |       |   123 ||   123
